 Dungeon Crawl Stone Soup version 0.23.2-1-ga50397a (webtiles) character file.

Game seed: 12278180780912766922

86 Fang the Skirmisher (level 4, 0/29 HPs)
             Began as a Gargoyle Berserker on May 24, 2019.
             Was a Follower of Trog.
             Killed from afar by Sigmund (3 damage)
             ... with a puff of flame
             ... on level 2 of the Dungeon.
             The game lasted 00:02:07 (1100 turns).

Fang the Skirmisher (Gargoyle Berserker)            Turns: 1100, Time: 00:02:08

Health: 0/29       AC: 16    Str: 22    XL:     4   Next: 49%
Magic:  4/4        EV:  8    Int: 11    God:    Trog [*.....]
Gold:   133        SH:  0    Dex:  9    Spells: 3/3 levels left

rFire    . . .     SeeInvis .   a - +0 hand axe
rCold    . . .     Gourm    .   (no shield)
rNeg     + . .     Faith    .   b - +4 chain mail {MR+}
rPois    ∞         Spirit   .   (no helmet)
rElec    +         Reflect  .   (no cloak)
rCorr    .         Harm     .   (no gloves)
MR       +....                  (no boots)
Stlth    ..........             (no amulet)
HPRegen  0.09/turn              e - +4 ring of intelligence
MPRegen  0.09/turn              (no ring)

@: berserk cooldown, slowed, very slow
A: negative energy resistance 1, electricity resistance, unbreathing,
petrification resistance, rot immunity, AC +3
a: Berserk, Renounce Religion


You were on level 2 of the Dungeon.
You worshipped Trog.
Trog was aware of your devotion.
You were hungry.

You visited 1 branch of the dungeon, and saw 2 of its levels.

You collected 133 gold pieces.

Inventory:

Hand Weapons
 a - a +0 hand axe (weapon)
Armour
 b - a +4 chain mail of magic resistance (worn)
Jewellery
 e - a +4 ring of intelligence (left hand)
Scrolls
 f - a scroll of remove curse {unknown}
 g - 3 scrolls of identify {unknown}
 j - a scroll of amnesia {unknown}
Potions
 d - a potion of cancellation {unknown}
 h - a potion of ambrosia {unknown}
Comestibles
 c - 5 rations


   Skills:
 + Level 4.0 Fighting
 + Level 3.3 Axes
 + Level 3.1 Armour
 + Level 2.3 Dodging


You had 3 spell levels left.
You didn't know any spells.
Your spell library was empty.

Dungeon Overview and Level Annotations

Branches:
Dungeon (2/15)

Altars:
Makhleb

Annotations:
D:2 Sigmund


Innate Abilities, Weirdness & Mutations

You are resistant to torment.
Your stone body is resilient. (AC +3)
You are immune to poison.
You resist negative energy. (rN+)
You are resistant to electric shocks. (rElec)
You can survive without breathing.
You are immune to petrification.
You are immune to rotting.


Message History

You closely miss something. Something hits you but does no damage.
You miss something. Something hits you.
You closely miss something. Something hits you!
You hit something. Something hits you but does no damage.
Your chain mail prevents you from hitting something.
Something hits you.
* * * LOW HITPOINT WARNING * * *
You barely miss something.
You are feeling hungry.
Something hits you but does no damage. x2
Your chain mail prevents you from hitting something.
Something completely misses you.
You miss something. Something hits you but does no damage.
You closely miss something. Something hits you.
* * * LOW HITPOINT WARNING * * *
You slash something!
You hear some strange, mumbled words.
A puff of flame appears from out of thin air!
The puff of flame hits you.
You die...

#.....# .....# .....#
.... ... #. #.# #.
#######{#
#.##......@##
##...........#
#....###'###.# ##
#....# #.# #..#
...#....###.###....
[....#..'.._..+.#...
#..
........#######...##.#
#.# #......#..# ###
#.### ###.####
#.........#######.#
#......#


There were no monsters in sight!

Vanquished Creatures
  Jessica (D:2)
  Terence (D:2)
  2 adders (D:2)
  A dart slug (D:1)
  A leopard gecko (D:1)
  A giant cockroach (D:2)
  A hobgoblin (D:1)
  A ball python (D:1)
  3 bats
  A frilled lizard (D:1)
  3 goblins (D:1)
  A kobold (D:2)
17 creatures vanquished.

Notes
Turn   | Place    | Note
-------+----------+-------------------------------------------
     0 | D:1      | Fang the Gargoyle Berserker began the quest for the Orb.
     0 | D:1      | Reached XP level 1. HP: 14/14 MP: 1/1
   347 | D:1      | Reached XP level 2. HP: 16/19 MP: 2/2
   772 | D:2      | Noticed Jessica
   787 | D:2      | Killed Jessica
   787 | D:2      | Reached XP level 3. HP: 18/24 MP: 3/3
   833 | D:2      | Noticed Terence
   841 | D:2      | Killed Terence
   841 | D:2      | Reached XP level 4. HP: 29/29 MP: 4/4
   992 | D:2      | Reached skill level 4 in Fighting
  1068 | D:2      | Found a burning altar of Makhleb.
  1074 | D:2      | Noticed Sigmund
  1100 | D:2      | Killed from afar by Sigmund

Skill      XL: |  1  2  3  4 |
---------------+-------------+-----
Axes           | 3 |  3.3
Dodging        | 2 |  2.3
Armour         | 3 |  3.1
Fighting       | 4 |  4.0

Action                   |  1- 3 |  4- 6 || total
-------------------------+-------+-------++-------
Melee: Hand axe          |    57 |    25 ||    82
Invok: Berserk           |     1 |     1 ||     2
  Eat: Chunk             |       |     2 ||     2
Armor: Animal skin       |    20 |       ||    20
       Chain mail        |       |    17 ||    17
Dodge: Dodged            |    42 |     7 ||    49
